 Dungeon Sprint DCSS version 0.21-a0-258-g4c0eb85 (webtiles) character file.

32 Kidiri the Ducker (level 3, -3/45 HPs)
             Began as a Demonspawn Monk on Sept 6, 2017.
             Was a Priest of Wu Jian.
             Slain by a gnoll
             ... wielding a +0 club
              (9 damage)
             ... in the Dungeon (Sprint VII: "The Pits").
             The game lasted 00:01:25 (318 turns).

Kidiri the Ducker (Demonspawn Monk)                  Turns: 318, Time: 00:01:26

Health: -3/45      AC:  2    Str: 16    XL:     3   Next: 10%
Magic:  3/3        EV: 14    Int: 11    God:    Wu Jian [***...]
Gold:   0          SH:  0    Dex: 16    Spells: 2/2 levels left

rFire    . . .     SeeInvis .   p - +0 whip
rCold    + . .     Gourm    .   (no shield)
rNeg     . . .     Faith    .   b - +0 robe
rPois    .         Spirit   .   (no helmet)
rElec    .         Reflect  .   (no cloak)
rCorr    .         Harm     .   (no gloves)
MR       .....     NoTele   +   (no boots)
Stlth    ..........             (no amulet)
HPRegen  0.15/turn              (no ring)
MPRegen  0.08/turn              (no ring)

@: berserking (expiring), very quick
A: talons 1, cold resistance 1
a: Renounce Religion


You were in the Dungeon.
You worshipped Wu Jian.
Wu Jian was most pleased with you.
You were not hungry.

You visited 1 branch

Inventory:

Hand Weapons
 a - a +2 mace
 p - a +0 whip (weapon)
Armour
 b - a +0 robe (worn)
Scrolls
 i - a scroll of blinking
 k - 3 scrolls of remove curse
 l - 5 scrolls of amnesia
 m - a scroll of summoning
Potions
 d - a potion of curing
 e - a potion of heal wounds
 f - a potion of haste
 g - 4 potions of magic
 h - a potion of berserk rage
 j - 2 potions of invisibility
Comestibles
 c - 8 bread rations
 n - 40 fruits
 o - 7 meat rations


   Skills:
 + Level 3.9 Fighting
 * Level 3.9 Maces & Flails
 + Level 2.0 Armour
 * Level 4.0 Dodging
 + Level 2.8 Stealth


You had 2 spell levels left.
You didn't know any spells.

Dungeon Overview and Level Annotations

Branches:
Dungeon (1/1)

Altars:
Ashenzari
Cheibriados
Dithmenos
Elyvilon
Fedhas
Gozag
Hepliaklqana
Kikubaaqudgha
Makhleb
Nemelex Xobeh
Okawaru
Qazlal
Ru
Sif Muna
Trog
Uskayaw
Vehumet
Wu Jian
Xom
Yredelemnul
Zin
The Shining One
Beogh
Jiyva
Lugonu


Innate Abilities, Weirdness & Mutations

You have sharp toenails.
Your flesh is cold resistant. (rC+)


Message History

The gnoll closely misses you. The river rat bites you.
* * * LOW HITPOINT WARNING * * *
Unknown command.
You whack the river rat!
You kill the river rat!
The Council accepts your kill.
Your Armour skill increases to level 2!
Your Dodging skill increases to level 4!
You have reached level 3!
Your experience leads to an increase in your attributes!
Your base attributes are Str 11, Int 11, Dex 15.
Increase (S)trength, (I)ntelligence, or (D)exterity?
You feel agile.
Your demonic ancestry asserts itself...
Your toenails lengthen and sharpen.
Unknown command.
You barely miss the leopard gecko. You claw the leopard gecko.
You kill the leopard gecko!
The Council accepts your kill. The gnoll hits you with a club!
You die...

############
#_________.#
#_________.#
#_______...###########++
##########+##...........
#.?(.+)))+.##......#..#.
##########g##...........
#.......g.)@'...........
+#####g#####......#..#.
#.....# #...........
#..r..# ####+#####++
###'### #.......#
#..l..# #.......#
#.....# #.......#
####'## #...<...#
#....g...##.......#


You could see a gnoll shaman and 2 gnolls.

Vanquished Creatures
  A gnoll (D)
  A river rat (D)
  An ufetubus (D)
  A leopard gecko (D)
  An orc (D)
  A giant cockroach (D)
  A frilled lizard (D)
  A kobold (D)
8 creatures vanquished.

Notes
Turn   | Place    | Note
-------+----------+-------------------------------------------
     0 | D        | Kidiri the Demonspawn Monk began the quest for the Orb.
     0 | D        | Reached XP level 1. HP: 18/18 MP: 1/1
    49 | D        | Found a bloodstained altar of Trog.
    49 | D        | Found a deep blue altar of Sif Muna.
    49 | D        | Found a viscous altar of Jiyva.
    49 | D        | Found a hazy altar of Hepliaklqana.
    49 | D        | Found an opulent altar of Gozag.
    50 | D        | Found a glowing golden altar of the Shining One.
    50 | D        | Found a glowing silver altar of Zin.
    50 | D        | Found a basalt altar of Yredelemnul.
    50 | D        | Found a shimmering altar of Xom.
    50 | D        | Found an ornate altar of the Wu Jian Council.
    50 | D        | Found a sacrificial altar of Ru.
    50 | D        | Found a stormy altar of Qazlal.
    50 | D        | Found an iron altar of Okawaru.
    50 | D        | Found a sparkling altar of Nemelex Xobeh.
    50 | D        | Found a burning altar of Makhleb.
    50 | D        | Found a blossoming altar of Fedhas.
    50 | D        | Found a white marble altar of Elyvilon.
    50 | D        | Found a shadowy altar of Dithmenos.
    50 | D        | Found a snail-covered altar of Cheibriados.
    52 | D        | Found a radiant altar of Vehumet.
    52 | D        | Found a corrupted altar of Lugonu.
    52 | D        | Found a roughly hewn altar of Beogh.
    53 | D        | Found a hide-covered altar of Uskayaw.
    53 | D        | Found an ancient bone altar of Kikubaaqudgha.
    53 | D        | Found a shattered altar of Ashenzari.
    59 | D        | Became a worshipper of the Wu Jian Council
    59 | D        | Reached * piety under Wu Jian
    59 | D        | Reached ** piety under Wu Jian
    78 | D        | Reached skill level 3 in Dodging
    84 | D        | Reached skill level 1 in Armour
    84 | D        | Gained mutation: Your flesh is cold resistant. (rC+) [demonic ancestry]
    84 | D        | Reached XP level 2. HP: 9/24 MP: 2/2
    86 | D        | Reached *** piety under Wu Jian
   317 | D        | Reached skill level 4 in Dodging
   317 | D        | Gained mutation: You have sharp toenails. [demonic ancestry]
   317 | D        | Reached XP level 3. HP: 6/30 MP: 3/3
   318 | D        | Slain by a gnoll

Vault maps used:
D:        pitsprint

Skill      XL: |  1  2 |
---------------+-------+-----
Maces & Flails | 3 |  3.9
Dodging        | 3 4 |  4.0
Armour         | 1 2 |  2.0
Stealth        | 2 |  2.8
Fighting       | |  3.9

Action                   || total
-------------------------++-------
Melee: Mace              ||     7
       Whip              ||    12
       Kick              ||     1
  Use: Potion            ||     2
 Stab: Sleeping          ||     2
Dodge: Dodged            ||     8

Table legend:
 A = Spawn XP
 B = Non-spawn XP
 C = Spawn XP percentage of total XP
 D = Spawn monster count
 E = Non-spawn monster count
 F = Spawn count percentage of total count
 G = Total turns spent on level
                    A         B        C        D         E        F      G
               +---------+---------+-------+---------+---------+-------+---------
         Total |       0 |      47 |   0.0 |       0 |       8 |   0.0 |   318
               +---------+---------+-------+---------+---------+-------+---------
             D |       0 |      47 |   0.0 |       0 |       8 |   0.0 |   318
               +---------+---------+-------+---------+---------+-------+---------
